 Dungeon Crawl Stone Soup version 0.17-a0-1941-gcc30b76 (webtiles) character file.

190 Rationalist the Chopper (level 5, 0/55 HPs)
             Began as a Demonspawn Berserker on Sept 30, 2015.
             Was a Believer of Trog.
             Killed from afar by an orc wizard (9 damage)
             ... with a puff of flame
             ... on level 3 of the Dungeon.
             The game lasted 00:03:31 (2002 turns).

Rationalist the Chopper (Demonspawn Berserker)      Turns: 2002, Time: 00:03:31

Health: 0/55       AC:  6    Str: 22    XL:     5   Next: 41%
Magic:  5/5        EV: 13    Int:  8    God:    Trog [**....]
Gold:   146        SH:  0    Dex: 14    Spells: 0 memorised, 4 levels left

rFire  . . .     SeeInvis .     j - +0 war axe
rCold  + . .     Clarity  +     b - +0 animal skin
rNeg   . . .     SustAt   .     (no shield)
rPois  .         Gourm    .     f - +1 helmet
rElec  .         Spirit   .     (no cloak)
rCorr  .         Warding  .     (no gloves)
rMut   .         Stasis   .     (no boots)
MR     ++...                    (no amulet)
Stlth  ..........               (no ring)
                                (no ring)

@: berserking (expiring), flying, regenerating, very quick, very resistant to
hostile enchantments, extremely unstealthy
A: talons 1, thin metallic scales 1, berserk 1, clarity, cold resistance 1,
frail 1, screaming 1
a: Burn Spellbooks, Berserk, Trog's Hand, Renounce Religion


You were on level 3 of the Dungeon.
You worshipped Trog.
Trog was pleased with you.
You were hungry.

You visited 1 branch of the dungeon, and saw 3 of its levels.

You collected 146 gold pieces.

Inventory:

Hand weapons
 j - a +0 war axe (weapon)
Missiles
 a - 13 sling bullets
Armour
 b - a +0 animal skin (worn)
 f - a +1 helmet (worn)
Magical devices
 h - a wand of polymorph (9)
Scrolls
 d - 3 scrolls of fear {unknown}
 e - 3 scrolls of magic mapping {unknown}
 g - a scroll of enchant armour {unknown}
 i - 4 scrolls of remove curse {unknown}
 k - 5 scrolls of identify {unknown}
 m - 2 scrolls of enchant weapon {unknown}
 p - a scroll of amnesia {unknown}
 r - a scroll of teleportation {unknown}
 s - a scroll of blinking {unknown}
 u - a scroll of recharging {unknown}
Potions
 n - a potion of cure mutation {unknown}
 t - a potion of haste {unknown}
Comestibles
 c - 4 bread rations
 o - 2 royal jellies
 q - 2 chunks of flesh


   Skills:
 + Level 3.7 Fighting
 + Level 4.1 Axes
 + Level 2.0 Armour
 + Level 3.3 Dodging


You had 4 spell levels left.
You didn't know any spells.

Dungeon Overview and Level Annotations

Branches:
Dungeon (3/15)

Altars:
Ashenzari
Trog


Innate Abilities, Weirdness & Mutations

You have sharp toenails.
You are partially covered in thin metallic scales (AC +2).
You tend to lose your temper in combat.
You possess an exceptional clarity of mind.
Your flesh is cold resistant.
You are frail (-10% HP).
You occasionally shout uncontrollably at your foes.


Message History

The kobold throws a stone.
The stone hits you but does no damage. The kobold hits you but does no damage.
Items here: ) [ ††† a hand axe; a chain mail; an orc corpse; an orc corpse; a giant frog corpse You barely miss something.
You slash the kobold!
You kill the kobold!
Trog accepts your kill. Something hits you.
* * * LOW HITPOINT WARNING * * *
You miss something. You claw something. You slash the worm!
The worm is heavily wounded.
Something hits you but does no damage.
You miss something. You slash the worm!
You kill the worm!
Trog accepts your kill.
You feel the effects of Trog's Hand fading.
You hear some strange, mumbled words.
A puff of flame appears from out of thin air!
The puff of flame hits you!
You die...

#########.#
..........#.#.#
..........#.#.#
..........#.#.#
.........##.#.####
.......o. #.#.#..
......({#
#.#.#.########
#@###.#.#.........
#(#..............# #.
#.#.#.#......##### #.
#.#.#............. #.#
#.#.########.###.# #.#
#.#.#......#.# # #.#
#.#......#.#.#
#.########.###.##.#.#.#
#........#........#.#.#


You could see an orc.

Vanquished Creatures
  A giant frog (D:3)
  An orc priest (D:3)
  Natasha (twice) (D:3)
  2 worms
  A giant gecko (D:2)
  3 orcs
  4 giant cockroaches
  6 goblins
  7 hobgoblins
  6 bats
  4 giant newts
  7 kobolds
  5 rats
49 creatures vanquished.

Notes
Turn   | Place    | Note
--------------------------------------------------------------
     0 | D:1      | Rationalist the Demonspawn Berserker began the quest for the Orb.
     0 | D:1      | Reached XP level 1. HP: 18/18 MP: 1/1
     3 | D:1      | Noticed an electric eel
    44 | D:1      | Noticed an electric eel
   182 | D:1      | Gained mutation: You are partially covered in thin metallic scales (AC +2). [demonic ancestry]
   182 | D:1      | Reached XP level 2. HP: 14/24 MP: 2/2
   466 | D:1      | Acquired Trog's second power
   972 | D:2      | Gained mutation: Your spells are a little easier to cast, but a little less powerful. [potion of mutation]
   972 | D:2      | Gained mutation: You are weak. (Str -2) [potion of mutation]
   972 | D:2      | Lost mutation: Your spells are a little easier to cast, but a little less powerful. [potion of mutation]
  1276 | D:2      | Reached XP level 3. HP: 25/29 MP: 3/3
  1277 | D:2      | Gained mutation: Your flesh is cold resistant. [potion of mutation]
  1277 | D:2      | Gained mutation: You possess an exceptional clarity of mind. [potion of mutation]
  1277 | D:2      | Gained mutation: You are frail (-10% HP). [potion of mutation]
  1278 | D:2      | Gained mutation: You occasionally shout uncontrollably at your foes. [potion of mutation]
  1278 | D:2      | Lost mutation: You are weak. (Str -2) [potion of mutation]
  1278 | D:2      | Gained mutation: You tend to lose your temper in combat. [potion of mutation]
  1383 | D:2      | Found a shattered altar of Ashenzari.
  1681 | D:2      | Found a bloodstained altar of Trog.
  1839 | D:3      | Noticed Natasha
  1846 | D:3      | Killed Natasha
  1846 | D:3      | Gained mutation: You have sharp toenails. [demonic ancestry]
  1846 | D:3      | Reached XP level 4. HP: 19/31 MP: 4/4
  1872 | D:3      | Noticed Natasha
  1883 | D:3      | Killed Natasha
  1978 | D:3      | Noticed a giant frog
  1996 | D:3      | Killed a giant frog
  1996 | D:3      | Reached skill level 4 in Axes
  1996 | D:3      | Reached XP level 5. HP: 3/36 MP: 5/5
  2002 | D:3      | Killed from afar by an orc wizard

Vault maps used:
D:1:      arrival_aquarium_b
D:2:      lemuel_crystal_altar, trog_butcher_becter
D:3:      lemuel_coloured_pillars_altar, serial_bayou, serial_bayou_shore_a,
          serial_bayou_pond_d, serial_bayou_pond_e, serial_bayou_pond_a,
          first_bread, uniq_natasha

Action                   |  1- 3 |  4- 6 || total
-------------------------+-------+-------++-------
Melee: Hand axe          |    67 |       ||    67
       War axe           |    48 |    21 ||    69
Invok: Berserk           |     1 |     1 ||     2
       Trog's Hand       |       |     1 ||     1
  Use: Potion            |     4 |     1 ||     5
 Stab: Sleeping          |     1 |       ||     1
  Eat: Chunk             |     4 |       ||     4
